[Event "Early-Titled-Tuesday-Blitz-September-12-2023"]
[Site "Chess.com"]
[Date "2023.09.12"]
[Round "2"]
[White "lluiss"]
[Black "WindWhistler11"]
[Result "0-1"]
[WhiteElo "2163"]
[BlackElo "2476"]
[TimeControl "180+1"]
[EndTime "8:14:33 PDT"]
[Termination "WindWhistler11 won by resignation"]

1. Nf3 d6 2. d4 g6 3. g3 Bg7 4.
Bg2 Nd7 5. O-O e5 6. c4 Ne7 7. Nc3 O-O 8. h3 a6 9. e4 Rb8 10. b4 b5 11. cxb5 axb5 12. dxe5 Nxe5 13. Nxe5 Bxe5 14. Qc2 Nc6 15. a3 Be6 16. Bb2 Nd4 17.
Qd1 Bb3 18. Qd2 Bc4 19. Rad1 Bxf1 20. Bxf1 Nf3+ 0-1

[Event "Early-Titled-Tuesday-Blitz-September-12-2023"]
[Site "Chess.com"]
[Date "2023.09.12"]
[Round "2"]
[White "abhidabhi"]
[Black "biostatistician"]
[Result "1-0"]
[WhiteElo "2914"]
[BlackElo "2584"]
[TimeControl "180+1"]
[EndTime "8:14:43 PDT"]
[Termination "abhidabhi won by resignation"]

1. e4 e5 2. Nf3 Nc6 3. Bc4 Bc5 4. d3 d6 5. Nc3 Nf6 6. h3 Be6 7. Bxe6 fxe6 8. Be3 Bb6 9. O-O O-O 10. d4 exd4 11. Nxd4 Nxd4 12. Bxd4 e5 13. Bxb6 axb6 14. Qd3 Kh8 15. a4 Nh5 16. Ne2 Qg5 17. Ra3 Nf4 18.
Nxf4 Rxf4 19. Qc4 Qe7 20. Rc3 c6 21. Qb4 Raf8 22. Rd3 Qf7 23. Qxd6 Rxf2 24. Qxf8+ Qxf8 25. Rxf2 Qe7 26. Rd7 Qe8 27. Rfd2 1-0

[Event "Early-Titled-Tuesday-Blitz-September-12-2023"]
[Site "Chess.com"]
[Date "2023.09.12"]
[Round "2"]
[White "rikchessmx"]
[Black "Tejas_Rama"]
[Result "0-1"]
[WhiteElo "2289"]
[BlackElo "2514"]
[TimeControl "180+1"]
[EndTime "8:14:50 PDT"]
[Termination "Tejas_Rama won on time"]

1. e4 c5 2. Nf3 d6 3. d4 cxd4 4. Nxd4 Nf6 5. Nc3 Nc6 6. Nb3 g6 7. f4 Bg7 8. Qf3 O-O 9. h3 Be6 10. Be3 d5 11. g4 dxe4 12. Nxe4 Nxe4 0-1

[Event "Early-Titled-Tuesday-Blitz-September-12-2023"]
[Site "Chess.com"]
[Date "2023.09.12"]
[Round "2"]
[White "inagreV"]
[Black "Sammed_Shete"]
[Result "0-1"]
[WhiteElo "2258"]
[BlackElo "2688"]
[TimeControl "180+1"]
[EndTime "8:14:53 PDT"]
[Termination "Sammed_Shete won by resignation"]

1. e4 c6 2. d4 d5 3. Nc3 dxe4 4.
Nxe4 Bf5 5. Ng3 Bg6 6. h4 h6 7.
Nf3 Nd7 8. Bd3 Bxd3 9. Qxd3 Ngf6 10. Bf4 Qa5+ 11. Bd2 Qc7 12. O-O-O O-O-O 13. Kb1 e5 14.
Rhe1 exd4 15. Nxd4 Bc5 16. Ndf5 Bxf2 17. Nd6+ Kb8 18.
Bf4 Nd5 19. Nxf7 Nxf4 20. Qf5 Bxe1 21. Nxd8 Rxd8 22. Rxe1 Nxg2 0-1

[Event "Early-Titled-Tuesday-Blitz-September-12-2023"]
[Site "Chess.com"]
[Date "2023.09.12"]
[Round "2"]
[White "Zarinur"]
[Black "ElenaPershina"]
[Result "1-0"]
[WhiteElo "2509"]
[BlackElo "2269"]
[TimeControl "180+1"]
[EndTime "8:15:05 PDT"]
[Termination "Zarinur won by resignation"]

1. e4 c5 2. Nf3 Nc6 3. Bb5 g6 4. O-O Bg7 5. c3 e5 6. d4 cxd4 7. cxd4 exd4 8. Bf4 Nge7 9. Bd6 a6 10. Bc4 O-O 11. e5 b5 12. Bb3 Bb7 13. Nbd2 Re8 14. Ng5 Nxe5 15. Bxe5 Bxe5 16. Nxf7 Qb6 17. Nxe5+ Kg7 18.
Ndf3 Nf5 19. Re1 d6 20. Nd3 Rac8 21. Nf4 Qc6 22. Bd5 Qb6 23. Bxb7 Qxb7 24. Rxe8 Rxe8 25. Nxd4 Qe4 26. Nxf5+ Qxf5 27. Qd4+ Kg8 28. Qd5+ Kg7 29. Qxf5 gxf5 30. Kf1 1-0

[Event "Early-Titled-Tuesday-Blitz-September-12-2023"]
[Site "Chess.com"]
[Date "2023.09.12"]
[Round "2"]
[White "DarZay"]
[Black "Tonychess32"]
[Result "0-1"]
[WhiteElo "2266"]
[BlackElo "2503"]
[TimeControl "180+1"]
[EndTime "8:15:05 PDT"]
[Termination "Tonychess32 won by resignation"]

1. e4 c5 2. Nf3 d6 3. d4 cxd4 4. Nxd4 Nf6 5. Nc3 a6 6. Be2 Nbd7 7. O-O g6 8. Be3 Bg7 9. a4 O-O 10. f4 Qc7 11. a5 Nc5 12. Bf3 e5 13. Nde2 Be6 14.
b4 Ncd7 15. Nd5 Bxd5 16. fxe5 dxe5 17. exd5 e4 18. Bf4 Qc4 19. Bd6 Rfe8 20. Nf4 exf3 21.
Qxf3 Ne4 22. Kh1 Nxd6 0-1

[Event "Early-Titled-Tuesday-Blitz-September-12-2023"]
[Site "Chess.com"]
[Date "2023.09.12"]
[Round "2"]
[White "BahadirOzen"]
[Black "santosalberto1987"]
[Result "1-0"]
[WhiteElo "2812"]
[BlackElo "2547"]
[TimeControl "180+1"]
[EndTime "8:15:06 PDT"]
[Termination "BahadirOzen won by resignation"]

1. g3 d5 2. Nf3 Nf6 3. Bg2 c6 4. O-O Bf5 5. d3 h6 6. c4 Nbd7 7. cxd5 cxd5 8. Nc3 e6 9. e4 dxe4 10. dxe4 Nxe4 11. Nd4 Nxc3 12. bxc3 Qc7 13. Nxf5 exf5 14. Re1+ Be7 15. Bf4 1-0

[Event "Early-Titled-Tuesday-Blitz-September-12-2023"]
[Site "Chess.com"]
[Date "2023.09.12"]
[Round "2"]
[White "AlexPapasimakopoulos"]
[Black "Payyappat"]
[Result "1-0"]
[WhiteElo "2761"]
[BlackElo "2485"]
[TimeControl "180+1"]
[EndTime "8:15:09 PDT"]
[Termination "AlexPapasimakopoulos won by resignation"]

1. d4 Nf6 2. c4 c5 3. d5 e6 4. Nc3 exd5 5. cxd5 d6 6. Nf3 g6 7. Bf4 Bg7 8. Qa4+ Bd7 9. Qb3 b5 10. Bxd6 Qb6 11. Be5 O-O 12. e3 c4 13. Qd1 b4 14. Nb1 Rc8 15. Nbd2 Bb5 16. a4 Ba6 17. Rc1 Nxd5 18. Bxg7 Kxg7 19. Nxc4 Qe6 20. Qd4+ Kg8 21. Ng5 Qf5 22. Ne4 Rd8 23. Ncd6 Qe6 24. Qxd5 Qxd5 25.
Nf6+ Kg7 26. Nxd5 1-0

[Event "Early-Titled-Tuesday-Blitz-September-12-2023"]
[Site "Chess.com"]
[Date "2023.09.12"]
[Round "2"]
[White "Sina_Movahed"]
[Black "SRob2003"]
[Result "1-0"]
[WhiteElo "3062"]
[BlackElo "2641"]
[TimeControl "180+1"]
[EndTime "8:15:28 PDT"]
[Termination "Sina_Movahed won by resignation"]

1. e4 c6 2. d4 d5 3. e5 Bf5 4. h4 h5 5. Bg5 Qb6 6. Bd3 Qxd4 7. Nf3 Qg4 8. Bxf5 Qxf5 9. O-O f6 10.
c4 e6 11. exf6 gxf6 12. Nd4 Qh7 13. Nxe6 fxg5 14. cxd5 Nf6 15. Nc3 Bb4 16. hxg5 Bxc3 17.
bxc3 Nxd5 18. c4 Nb6 19. Qd8+ Kf7 20. Qf6+ 1-0

[Event "Early-Titled-Tuesday-Blitz-September-12-2023"]
[Site "Chess.com"]
[Date "2023.09.12"]
[Round "2"]
[White "TERMINATOR_PC"]
[Black "NowInChess"]
[Result "1-0"]
[WhiteElo "2508"]
[BlackElo "2271"]
[TimeControl "180+1"]
[EndTime "8:15:32 PDT"]
[Termination "TERMINATOR_PC won by checkmate"]

1. e4 e6 2. d4 d5 3. Nc3 Nc6 4. Bb5 dxe4 5. Nxe4 Qd5 6. Bxc6+ bxc6 7. Qe2 Ba6 8. Qe3 Nf6 9. Nxf6+ gxf6 10. Nf3 Rg8 11. Rg1 c5 12. b3 cxd4 13. Qxd4 Qxf3 14. Qa4+ Kd8 15. gxf3 Rxg1+ 16. Kd2 Bh6+ 17. f4 Bb7 18. Bb2 Kc8 19. Qe8# 1-0

[Event "Early-Titled-Tuesday-Blitz-September-12-2023"]
[Site "Chess.com"]
[Date "2023.09.12"]
[Round "2"]
[White "dropstoneDP"]
[Black "Sjakkerntobi"]
[Result "1-0"]
[WhiteElo "3007"]
[BlackElo "2534"]
[TimeControl "180+1"]
[EndTime "8:15:37 PDT"]
[Termination "dropstoneDP won by resignation"]

1. e4 e6 2. d4 d5 3. Nd2 h6 4. Ngf3 Nf6 5. e5 Nfd7 6. Bd3 c5 7. c3 Nc6 8. O-O g5 9. h3 h5 10. Re1 g4 11. Nh2 gxh3 12. Ndf3 hxg2 13. Kxg2 cxd4 14. cxd4 Be7 15. Kh1 Nb6 16. Rg1 Bd7 17.
Bg5 Bxg5 18. Nxg5 Nxd4 19. Nxf7 Kxf7 20. Bg6+ Ke7 21. Qxd4 Bc6 22. Bd3 Kd7 23. Rg7+ Kc8 24.
Rc1 Kb8 25. Rxc6 bxc6 26. Ba6 Nd7 27. Qb4+ Qb6 28. Qd6+ Qc7 29. Rxd7 Qxd6 30. exd6 c5 31. Rb7+ Kc8 32. Rh7+ 1-0

[Event "Early-Titled-Tuesday-Blitz-September-12-2023"]
[Site "Chess.com"]
[Date "2023.09.12"]
[Round "2"]
[White "Druid24"]
[Black "schack_vit"]
[Result "0-1"]
[WhiteElo "2638"]
[BlackElo "2426"]
[TimeControl "180+1"]
[EndTime "8:15:42 PDT"]
[Termination "schack_vit won by resignation"]

1. Nc3 c5 2. e4 Nc6 3. Bb5 Nd4 4. Bc4 e6 5. Nge2 Nf6 6. O-O Be7 7. e5 Ng8 8. Nxd4 cxd4 9. Ne2 d6 10. Nxd4 dxe5 11. Bb5+ Bd7 12. Bxd7+ Qxd7 13. Nb3 a5 14. d3 a4 15. Nd2 Nf6 16. Re1 Qc7 17. Nf3 Bd6 18. Qe2 Nd7 19. h4 h6 20. d4 exd4 21. Nxd4 Be7 22. Nxe6 fxe6 23. Qxe6 Nf6 24. Bf4 Qd7 25. Qe2 Nd5 26. Qh5+ Kf8 27. Bg3 Nf6 28. Qe5 Re8 29.
Rad1 Qc6 30. Qf5 Kf7 31. h5 Rhf8 32. Qg6+ Kg8 33. c3 Bc5 34. Be5 Bxf2+ 35. Kxf2 Ng4+ 36. Kg1 Qxg6 0-1

[Event "Early-Titled-Tuesday-Blitz-September-12-2023"]
[Site "Chess.com"]
[Date "2023.09.12"]
[Round "2"]
[White "Irishchessman16"]
[Black "GMJustin"]
[Result "1-0"]
[WhiteElo "2502"]
[BlackElo "2264"]
[TimeControl "180+1"]
[EndTime "8:15:42 PDT"]
[Termination "Irishchessman16 won on time"]

1. e4 e5 2. Nf3 Nc6 3. Bb5 a6 4. Ba4 Nf6 5. O-O d6 6. Bxc6+ bxc6 7.
d4 exd4 8. Nxd4 c5 9. Nb3 Be7 10.
e5 dxe5 11. Qxd8+ Kxd8 12. Be3 Bf5 13. Na3 Nd7 14. f4 exf4 15. Bxf4 Be6 16. Na5 Bd6 17. Rad1 Bxf4 18. Rxf4 Ke8 19. Nc6 Nf6 20. Nc4 Nd5 21. Re4 Nb4 22. Ne3 1-0

[Event "Early-Titled-Tuesday-Blitz-September-12-2023"]
[Site "Chess.com"]
[Date "2023.09.12"]
[Round "2"]
[White "nss13"]
[Black "FeketeBarika"]
[Result "0-1"]
[WhiteElo "2555"]
[BlackElo "2403"]
[TimeControl "180+1"]
[EndTime "8:15:44 PDT"]
[Termination "FeketeBarika won by resignation"]

1. e4 e6 2. d4 d5 3. Nd2 Be7 4. e5 c5 5. c3 Nc6 6. Bd3 Qb6 7. Ndf3 Bd7 8. Ne2 Rc8 9. O-O cxd4 10.
Nexd4 Nxd4 11. cxd4 Bb5 12. a3 Bxd3 13. Qxd3 Qa6 14.
Qxa6 bxa6 15. b4 Kd7 16. Be3 Nh6 17. Bxh6 gxh6 18. Rfc1 Rxc1+ 19. Rxc1 Rc8 20. Rxc8 Kxc8 21. Ne1 a5 22. Nd3 axb4 23. axb4 Kc7 24. Kf1 Kc6 25. Ke2 Kb5 26. Nf4 Kxb4 27. Kd3 a5 28. g4 a4 29. Ne2 a3 30. Nc1 Bg5 31. Na2+ Kb3 32. Nc3 a2 33. Nxa2 Kxa2 0-1

[Event "Early-Titled-Tuesday-Blitz-September-12-2023"]
[Site "Chess.com"]
[Date "2023.09.12"]
[Round "2"]
[White "djano"]
[Black "BlueWizzard"]
[Result "0-1"]
[WhiteElo "2625"]
[BlackElo "2980"]
[TimeControl "180+1"]
[EndTime "8:15:48 PDT"]
[Termination "BlueWizzard won by resignation"]

1. e4 g6 2. Nc3 Bg7 3. Bc4 e6 4. h4 Nf6 5. e5 Nd5 6. d4 d6 7.
Bg5 Ne7 8. Qe2 h6 9. Bf4 Nbc6 10.
O-O-O d5 11. Bd3 Nxd4 12. Qe3 c5 13. Nf3 Qb6 14. Na4 Qa5 15. Nxc5 Nxf3 16. gxf3 Nc6 17.
a3 d4 18. Qe4 Qxc5 19. h5 g5 20. Bh2 Bxe5 21. f4 Bxf4+ 22. Bxf4 gxf4 23. Qxf4 Qg5 24. Qxg5 hxg5 25. Be4 Bd7 26. h6 Ke7 27. h7 f5 0-1

[Event "Early-Titled-Tuesday-Blitz-September-12-2023"]
[Site "Chess.com"]
[Date "2023.09.12"]
[Round "2"]
[White "Pumpkin_in_moonlight"]
[Black "Actuary44"]
[Result "0-1"]
[WhiteElo "2291"]
[BlackElo "2515"]
[TimeControl "180+1"]
[EndTime "8:15:48 PDT"]
[Termination "Actuary44 won on time"]

1. e4 b6 2. d4 Bb7 3. Nc3 e6 4. Bd3 Nf6 5. Nge2 d5 6. Bg5 Be7 7. e5 Nfd7 8. Bxe7 Qxe7 9. Ng3 a6 10. Qg4 g6 11. h4 h5 12. Qf4 c5 13. O-O Nc6 14. dxc5 bxc5 15. Na4 Ncxe5 16. Be2 f6 17. Rfe1 g5 18. hxg5 fxg5 19. Qe3 h4 20. Nh5 d4 21. Qd2 h3 22. g3 h2+ 23. Kxh2 g4 24. Kg1 Rxh5 0-1

[Event "Early-Titled-Tuesday-Blitz-September-12-2023"]
[Site "Chess.com"]
[Date "2023.09.12"]
[Round "2"]
[White "ljm509"]
[Black "RodTwinkz"]
[Result "0-1"]
[WhiteElo "2352"]
[BlackElo "2707"]
[TimeControl "180+1"]
[EndTime "8:15:54 PDT"]
[Termination "RodTwinkz won by resignation"]

1. e4 c5 2. Nf3 g6 3. Nc3 Bg7 4. d4 cxd4 5. Nxd4 Nc6 6. Be3 Nf6 7. Bc4 O-O 8. Bb3 Qa5 9. O-O d6 10. h3 Nxd4 11. Bxd4 Be6 12. Bxe6 fxe6 13. e5 dxe5 14.
Be3 Nd5 15. Bd2 Qb6 16. Rb1 Rad8 17. Qe1 Nf4 18. Ne4 Qa6 19. Bb4 Rd4 20. Ng3 Rf7 21.
a3 Qc6 22. f3 Qxc2 23. Rf2 Qb3 24. Qf1 Nd3 25. Rd2 Nxb4 26. axb4 Rxd2 0-1

[Event "Early-Titled-Tuesday-Blitz-September-12-2023"]
[Site "Chess.com"]
[Date "2023.09.12"]
[Round "2"]
[White "sokidze"]
[Black "dcremisi"]
[Result "1-0"]
[WhiteElo "2780"]
[BlackElo "2537"]
[TimeControl "180+1"]
[EndTime "8:15:56 PDT"]
[Termination "sokidze won by resignation"]

1. e4 e6 2. d4 d5 3. Nd2 a6 4. Bd3 dxe4 5. Nxe4 Nd7 6. Nf3 Ngf6 7. Nxf6+ Nxf6 8.
O-O Be7 9. a4 O-O 10. Qe2 b6 11. a5 b5 12. Rd1 Bb7 13. c4 bxc4 14.
Bxc4 Nd5 15. Bd2 Bd6 16. g3 Qf6 17. Ne5 Bxe5 18. dxe5 Qf5 19. Bd3 Qh3 20. f3 Rfd8 21. Ra4 g5 22. Bxg5 Qh5 23. Bxd8 Rxd8 24. Rh4 1-0

[Event "Early-Titled-Tuesday-Blitz-September-12-2023"]
[Site "Chess.com"]
[Date "2023.09.12"]
[Round "2"]
[White "Orest_Vovk"]
[Black "glebus008"]
[Result "1-0"]
[WhiteElo "2531"]
[BlackElo "2328"]
[TimeControl "180+1"]
[EndTime "8:15:56 PDT"]
[Termination "Orest_Vovk won by resignation"]

1. e4 c5 2. Nf3 d6 3. Bb5+ Bd7 4.
a4 Nf6 5. d3 e5 6. O-O a6 7.
Bxd7+ Qxd7 8. a5 Nc6 9. Nc3 Be7 10. Bg5 Bd8 11. Bxf6 gxf6 12. Nd5 Nb4 13. Nxb4 cxb4 14. Nh4 Rg8 15. Nf5 Rg5 16. f4 Rxf5 17. exf5 b6 18. fxe5 dxe5 19. axb6 Bxb6+ 20. Kh1 a5 21. Qg4 Ke7 22.
c3 Bc5 23. d4 Bd6 24. dxe5 Bxe5 25.
cxb4 a4 26. Rfe1 Qb5 27. Qh4 Rb8 28. Rxe5+ Qxe5 29. Re1 Qxe1+ 30. Qxe1+ Kf8 31. h3 Re8 32. Qa1 Re5 33. Qxa4 Kg7 34. b5 Rxf5 35. Qg4+ Rg5 36. Qxg5+ 1-0

[Event "Early-Titled-Tuesday-Blitz-September-12-2023"]
[Site "Chess.com"]
[Date "2023.09.12"]
[Round "2"]
[White "cthulhuuu"]
[Black "ivana_999"]
[Result "1-0"]
[WhiteElo "2455"]
[BlackElo "2038"]
[TimeControl "180+1"]
[EndTime "8:15:56 PDT"]
[Termination "cthulhuuu won by resignation"]

1. e4 e6 2. d3 d5 3. Nd2 c5 4. Ngf3 Nc6 5. g3 Nf6 6. Bg2 Be7 7. O-O b6 8. Re1 Bb7 9. c3 h5 10. h4 g6 11. Qe2 Qd7 12. a3 O-O-O 13. b4 d4 14. c4 e5 15. b5 Na5 16. Nxe5 Qe8 17. f4 Kb8 18. Rb1 Bd6 19. Ndf3 Qe7 20. Bd2 Nd7 21. Bxa5 bxa5 22. Nc6+ Bxc6 23. bxc6+ Nb6 24.
e5 Bc7 25. Qd2 Ka8 26. Ng5 Rhe8 27. Ne4 Qe6 28. Nxc5 Qe7 29. Ne4 Qxa3 30. Nd6 Rf8 31. Nb5 Qe7 32. Qxa5 1-0

[Event "Early-Titled-Tuesday-Blitz-September-12-2023"]
[Site "Chess.com"]
[Date "2023.09.12"]
[Round "2"]
[White "Tactictic"]
[Black "parintele_chess"]
[Result "0-1"]
[WhiteElo "2463"]
[BlackElo "2245"]
[TimeControl "180+1"]
[EndTime "8:15:57 PDT"]
[Termination "parintele_chess won by checkmate"]

1. e4 e5 2. Nf3 Nc6 3. Bc4 Nf6 4. d3 Bc5 5. O-O h6 6. Re1 d6 7. c3 O-O 8. b4 Bb6 9. a4 a5 10. b5 Ne7 11. Ba2 Ng6 12. Na3 Be6 13. Bxe6 fxe6 14. Nc4 Ba7 15. d4 exd4 16. cxd4 d5 17. exd5 exd5 18.
Nce5 Nxe5 19. Nxe5 Ne4 20. Be3 Qd6 21. Rc1 Bb6 22. Qg4 Rae8 23. Nd7 Nf6 24. Nxf6+ Qxf6 25. Re2 Re4 26. Qd7 Rd8 27. Qh3 Bxd4 28. Rxc7 Bxe3 29. fxe3 Qa1+ 30. Kf2 Rf8+ 31. Kg3 Qe5# 0-1

[Event "Early-Titled-Tuesday-Blitz-September-12-2023"]
[Site "Chess.com"]
[Date "2023.09.12"]
[Round "2"]
[White "Oleksandr_Bortnyk"]
[Black "guillembaches"]
[Result "1-0"]
[WhiteElo "3020"]
[BlackElo "2533"]
[TimeControl "180+1"]
[EndTime "8:15:58 PDT"]
[Termination "Oleksandr_Bortnyk won on time"]

1. e4 d5 2. e5 c5 3. d4 cxd4 4. f4 Nc6 5. Nf3 g6 6. Nxd4 Nh6 7. Nc3 Bg4 8. Qd2 Bg7 9. h3 Bc8 10. Bb5 O-O 11. Bxc6 bxc6 12. Nxc6 Qd7 13. Qxd5 Nf5 14. g4 Nh4 15. Qxd7 Bxd7 16. Nxe7+ Kh8 17. Kf2 f6 18.
exf6 Bxf6 19. Ned5 Bd4+ 20. Kg3 Rae8 21. Rd1 Bc5 22. b4 1-0

[Event "Early-Titled-Tuesday-Blitz-September-12-2023"]
[Site "Chess.com"]
[Date "2023.09.12"]
[Round "2"]
[White "profedechess93"]
[Black "rachidhuilda"]
[Result "1-0"]
[WhiteElo "2670"]
[BlackElo "2412"]
[TimeControl "180+1"]
[EndTime "8:15:58 PDT"]
[Termination "profedechess93 won on time"]

1. e4 d5 2. exd5 Qxd5 3. Nc3 Qa5 4. d4 c6 5. Nf3 Nf6 6. Bd2 Bf5 7. Bc4 e6 8. Nd5 Qd8 9. Nxf6+ gxf6 10. Qe2 Bxc2 11. O-O Bg6 12. Rfe1 Be7 13. Bh6 Nd7 14. Nh4 Nb6 15.
Bxe6 fxe6 16. Qxe6 Nd5 17. Nxg6 hxg6 18. Bg7 Rf8 19.
Bxf8 Kxf8 20. Qg4 Kf7 21. Re6 Qd7 22. Rae1 Rd8 23. h4 f5 24. Qxg6+ Kf8 25. Qxf5+ Kg8 26.
Rg6+ 1-0

[Event "Early-Titled-Tuesday-Blitz-September-12-2023"]
[Site "Chess.com"]
[Date "2023.09.12"]
[Round "2"]
[White "AnaKuchava"]
[Black "colegiodemadrid"]
[Result "0-1"]
[WhiteElo "2209"]
[BlackElo "2486"]
[TimeControl "180+1"]
[EndTime "8:15:58 PDT"]
[Termination "colegiodemadrid won on time"]

1. d4 Nf6 2. Nf3 g6 3. c4 Bg7 4. Nc3 O-O 5. e4 d6 6. Be2 e5 7. O-O exd4 8. Nxd4 Re8 9. f3 c6 10. Be3 d5 11. cxd5 Nxd5 12. Bf2 Nf4 13. Re1 Qg5 14. Bg3 Rd8 15. Qc1 Bxd4+ 16. Kh1 Ne6 17. Qc2 Be5 18. Bxe5 Qxe5 19. Rad1 Rxd1 20. Rxd1 Nd7 21. Qd2 Ndf8 22. Qe3 b6 0-1

[Event "Early-Titled-Tuesday-Blitz-September-12-2023"]
[Site "Chess.com"]
[Date "2023.09.12"]
[Round "2"]
[White "LevonAronian"]
[Black "chess123456s"]
[Result "1-0"]
[WhiteElo "3035"]
[BlackElo "2633"]
[TimeControl "180+1"]
[EndTime "8:16:00 PDT"]
[Termination "LevonAronian won by resignation"]

1. e4 e5 2. Nf3 Nc6 3. Bc4 Nf6 4. Ng5 d5 5. exd5 Na5 6. Bb5+ c6 7. dxc6 bxc6 8.
Be2 h6 9. Nh3 Bd6 10. d3 O-O 11. O-O c5 12. Kh1 Rb8 13. Ng1 Nc6 14. c3 Bf5 15.
Nd2 Re8 16. Bf3 Ne7 17. Ne4 Ng6 18. b3 Nh4 19. Be3 Rc8 20. Ng3 Nxf3 21. Nxf5 Nxg1 22. Kxg1 Bf8 23. Qf3 Qxd3 24. Nxh6+ gxh6 25. Qxf6 Bg7 26. Qh4 Re6 27. c4 Rg6 28. Rad1 Qe2 29. Qh3 Re8 30.
Rd2 Qg4 31. Qxg4 Rxg4 32. Bxc5 e4 33. Bxa7 1-0

[Event "Early-Titled-Tuesday-Blitz-September-12-2023"]
[Site "Chess.com"]
[Date "2023.09.12"]
[Round "2"]
[White "ozates"]
[Black "Iball95"]
[Result "0-1"]
[WhiteElo "2545"]
[BlackElo "2789"]
[TimeControl "180+1"]
[EndTime "8:16:00 PDT"]
[Termination "Iball95 won by resignation"]

1. e4 c5 2. Nf3 e6 3. d4 cxd4 4.
Nxd4 Nf6 5. Nc3 Nc6 6. Be2 Be7 7. O-O d5 8. exd5 exd5 9. Be3 O-O 10. Bf3 Ne5 11. h3 Nxf3+ 12. Qxf3 Re8 13. Rad1 Qa5 14.
Nf5 Bxf5 15. Qxf5 Rad8 16. Bd4 Qa6 17. Rfe1 h6 18. Re3 Ne4 19. Nxe4 dxe4 20. Rxe4 Bf8 21. Rxe8 Rxe8 22. a3 Qe2 23. Qd3 a6 24. Be3 Qh5 25. Qd5 Qe2 26. Qd3 Qh5 27. Qd7 Re7 28. Qg4 Qb5 29.
Rd8 Re8 30. Qc8 Rxd8 31. Qxd8 Qxb2 32. Bc5 Qa1+ 33. Kh2 Qe5+ 0-1

[Event "Early-Titled-Tuesday-Blitz-September-12-2023"]
[Site "Chess.com"]
[Date "2023.09.12"]
[Round "2"]
[White "mishanick"]
[Black "TregubovP"]
[Result "1-0"]
[WhiteElo "3084"]
[BlackElo "2655"]
[TimeControl "180+1"]
[EndTime "8:16:01 PDT"]
[Termination "mishanick won by resignation"]

1. d4 Nf6 2. c4 e6 3. Nc3 Bb4 4. e3 O-O 5. Bd3 d5 6. a3 Bxc3+ 7. bxc3 b6 8. cxd5 exd5 9. f3 c5 10. Ne2 Ba6 11. O-O Re8 12. Ng3 Bxd3 13. Qxd3 Nc6 14.
Bb2 h5 15. e4 h4 16. Nf5 dxe4 17. fxe4 Rxe4 18. Nxg7 c4 19. Qxc4 Kxg7 20. Qxc6 Rc8 21. Qb5 Qd5 22. Qd3 Nh5 23. Rf2 Nf4 24. Qf3 Ng6 25.
Raf1 Rc7 26. c4 1-0

[Event "Early-Titled-Tuesday-Blitz-September-12-2023"]
[Site "Chess.com"]
[Date "2023.09.12"]
[Round "2"]
[White "RobertoJBM"]
[Black "tteshan"]
[Result "0-1"]
[WhiteElo "2814"]
[BlackElo "2566"]
[TimeControl "180+1"]
[EndTime "8:16:01 PDT"]
[Termination "tteshan won by resignation"]

1. d4 d5 2. c4 c6 3. Nf3 Nf6 4.
Nc3 dxc4 5. a4 Bf5 6. Ne5 Nbd7 7. Nxc4 Qc7 8. g3 e5 9. dxe5 Nxe5 10. Bf4 Nfd7 11.
Bg2 Be6 12. Nxe5 Nxe5 13. O-O Be7 14. Qc2 f6 15. Ne4 O-O 16. Nc5 Bf7 17. Bh3 Rfe8 18. Rfd1 Qb6 19. Ne6 Bb4 20. Be3 Qa5 21. Nc5 Nc4 22. Bd4 Bxc5 23. Bxc5 Qxc5 24. b3 Qh5 25. Bd7 Rxe2 26. Qxc4 Bxc4 0-1

[Event "Early-Titled-Tuesday-Blitz-September-12-2023"]
[Site "Chess.com"]
[Date "2023.09.12"]
[Round "2"]
[White "vladislavkovalev"]
[Black "Shuvalov"]
[Result "1-0"]
[WhiteElo "2889"]
[BlackElo "2428"]
[TimeControl "180+1"]
[EndTime "8:16:03 PDT"]
[Termination "vladislavkovalev won by resignation"]

1. e4 e6 2. d4 d5 3. Bd3 c5 4. exd5 exd5 5. Nf3 c4 6. Be2 Nf6 7. O-O Be7 8. Ne5 Nc6 9. c3 O-O 10. Re1 Bf5 11. Bf4 Re8 12. Nd2 Rc8 13. g4 Be6 14. Bg3 Bd6 15. f4 Nd7 16. Nxc6 Rxc6 17. f5 Bxg3 18. hxg3 Qg5 19. Bf3 Nf6 20. fxe6 Rcxe6 21. Rxe6 Rxe6 22. Nf1 Ne4 23. Qc1 Qg6 24. Qf4 h6 25. Re1 Rf6 26. Bxe4 dxe4 27. Qxe4 Qg5 28. Qe3 Qg6 29.
Qe8+ Kh7 30. Qe4 b5 31. Qxg6+ Kxg6 32. Re5 a6 33. Ne3 1-0

[Event "Early-Titled-Tuesday-Blitz-September-12-2023"]
[Site "Chess.com"]
[Date "2023.09.12"]
[Round "2"]
[White "Chessbard1972"]
[Black "CixPer1968"]
[Result "1-0"]
[WhiteElo "2479"]
[BlackElo "2171"]
[TimeControl "180+1"]
[EndTime "8:16:03 PDT"]
[Termination "Chessbard1972 won by resignation"]

1. d4 d5 2. c4 c6 3. Nf3 Nf6 4. Nc3 dxc4 5. a4 Bf5 6. e3 e6 7. Bxc4 Bb4 8. O-O Nbd7 9. Qe2 O-O 10. e4 Bg4 11. e5 Nd5 12. Nxd5 cxd5 13. Bd3 Rc8 14. Qe3 Bh5 15. Bd2 Bxd2 16. Nxd2 Bg6 17.
Bxg6 hxg6 18. Rfc1 Qb6 19. b3 Rc6 20. Nf3 Rfc8 21.
Rxc6 Rxc6 22. Ng5 Qb4 23. Qf4 Qe7 24. Rc1 Nb8 25. h3 a5 26. Rxc6 Nxc6 27. Qh4 1-0

[Event "Early-Titled-Tuesday-Blitz-September-12-2023"]
[Site "Chess.com"]
[Date "2023.09.12"]
[Round "2"]
[White "juancruzarias"]
[Black "DonJuanEGenaro"]
[Result "1/2-1/2"]
[WhiteElo "2661"]
[BlackElo "1968"]
[TimeControl "180+1"]
[EndTime "8:16:05 PDT"]
[Termination "Game drawn - insufficient material"]

1. d4 Nf6 2. Nf3 c5 3. e3 e6 4.
Bd3 Nc6 5. O-O d5 6. c3 Bd6 7. Nbd2 e5 8. dxc5 Bxc5 9. e4 dxe4 10. Nxe4 Nxe4 11. Bxe4 Qxd1 12. Rxd1 f6 13. b4 Bb6 14. a4 a6 15. a5 Ba7 16. Bxc6+ bxc6 17. Be3 Ke7 18.
Nd2 Bg4 19. Bxa7 Rxa7 20. f3 Bf5 21. Nb3 Bc2 22. Nc5 Bxd1 23. Rxd1 Rd8 24. Rxd8 Kxd8 25. Kf2 Ke7 26. Ke3 Kd6 27. c4 f5 28. Kd3 g5 29.
Ke3 h5 30. Kd3 h4 31. Ke3 Ra8 32. Kd3 g4 33. fxg4 fxg4 34. Ke3 Ra7 35. Ke4 Rf7 36. Nxa6 Rf4+ 37. Kd3 Rf2 38. Nc5 Rxg2 39. a6 Rxh2 40.
Ne4+ Kc7 41. b5 cxb5 42. cxb5 Kb6 43. Ke3 Ra2 44. Nf6 g3 45. Nd5+ Kxb5 46. Nc3+ Kxa6 47. Nxa2 h3 48. Kf3 h2 49. Kg2 Kb5 50. Nc3+ Kc4 51. Ne4 Kd3 52. Nxg3 e4 53. Kxh2 e3 54. Kg2 e2 55. Nxe2 1/2-1/2

[Event "Early-Titled-Tuesday-Blitz-September-12-2023"]
[Site "Chess.com"]
[Date "2023.09.12"]
[Round "2"]
[White "kidagent"]
[Black "BatboldNyamsuren0919"]
[Result "0-1"]
[WhiteElo "2217"]
[BlackElo "2489"]
[TimeControl "180+1"]
[EndTime "8:16:05 PDT"]
[Termination "BatboldNyamsuren0919 won by checkmate"]

1. e4 c5 2. Nf3 Nc6 3. d4 cxd4 4. Nxd4 Nf6 5. Nc3 g6 6. Be2 Bg7 7. Be3 O-O 8. Nb3 d6 9. O-O Be6 10. f4 Rc8 11. f5 Bd7 12. g4 Ne5 13. g5 Ne8 14.
Nd5 e6 15. fxe6 Bxe6 16. Nd4 Bxd5 17. exd5 Nc7 18. c4 Na6 19. b3 Nc5 20. Qe1 Ne4 21. Qh4 Nc3 22. Rae1 Qd7 23. a4 Rce8 24.
Bd2 Nxe2+ 25. Rxe2 Ng4 26. Rfe1 Bxd4+ 27. Kh1 Rxe2 28.
Rxe2 Qf5 29. Be1 Qf1# 0-1